 Dungeon Crawl Stone Soup version 0.19-a0-1922-g1e9a4c1 (webtiles) character file.

40 Kaname the Stinger (level 3, 0/24 HPs)
             Began as a Demonspawn Venom Mage on Oct 24, 2016.
             Succumbed to an adder's poison
             ... on level 2 of the Dungeon.
             The game lasted 00:04:51 (1799 turns).

Kaname the Stinger (Demonspawn Venom Mage)          Turns: 1799, Time: 00:04:51

Health: 0/24       AC:  2    Str:  8    XL:     3   Next: 30%
Magic:  6/6        EV: 12    Int: 17    God:
Gold:   18         SH:  0    Dex: 13    Spells: 1 memorised, 5 levels left

rFire  . . .     SeeInvis .     g - +0 dagger
rCold  . . .     Gourm    .     a - +0 robe
rNeg   . . .     Faith    .     (no shield)
rPois  .         Spirit   .     (no helmet)
rElec  .         Reflect  .     (no cloak)
rCorr  .         Harm     .     (no gloves)
MR     .....                    (no boots)
Stlth  ++........               (no amulet)
                                (no ring)
                                (no ring)

@: lethally poisoned (0 -> -9)
A: claws 1, spiny 1
a: no special abilities


You were on level 2 of the Dungeon.
You were very hungry.

You visited 1 branch of the dungeon, and saw 2 of its levels.

You collected 18 gold pieces.

Inventory:

Hand Weapons
 g - a +0 dagger (weapon)
Armour
 a - a +0 robe (worn)
Scrolls
 d - a scroll of identify {unknown}
 j - a scroll of magic mapping {unknown}
Potions
 e - a potion of curing {unknown}
 f - a potion of flight {unknown}
 h - 2 potions of brilliance {unknown}
 i - a potion of berserk rage {unknown}
Books
 b - a Young Poisoner's Handbook

   Spells                             Type                      Level
   a - Sting                          Conjuration/Poison           1
   b - Mephitic Cloud                 Conjuration/Poison/Air       3
   c - Olgreb's Toxic Radiance        Poison                       4
   d - Alistair's Intoxication        Transmutation/Poison         5
   e - Venom Bolt                     Conjuration/Poison           5
Comestibles
 c - 2 bread rations


   Skills:
 - Level 1.7 Dodging
 - Level 1.7 Stealth
 - Level 2.0 Spellcasting
 + Level 3.0 Conjurations
 - Level 4.0 Poison Magic


You had 5 spell levels left.
You knew the following spells:

 Your Spells              Type           Power        Failure   Level  Hunger
a - Sting                 Conj/Pois      ##..         4%          1    #......


Dungeon Overview and Level Annotations

Branches:
Dungeon (2/15)

Altars:


Innate Abilities, Weirdness & Mutations

You have sharp fingernails.
You are partially covered in sharp spines.


Message History

You feel sick. The adder closely misses you.
You feel sick. The adder bites you. The adder is struck by your spines.
The adder barely misses you.
You feel sick. The adder is struck by your spines.
The adder closely misses you. The adder misses you.
You feel sick. The adder is struck by your spines. The adder misses you.
The adder bites you.
* * * LOW HITPOINT WARNING * * *
You are more poisoned.
The adder poisons you!
* * * LOW HITPOINT WARNING * * *
You feel sick. The adder is struck by your spines.
You kill the adder!
Your Conjurations skill increases to level 3!
* * * LOW HITPOINT WARNING * * *
You feel sick.
* * * LOW HITPOINT WARNING * * *
You feel sick.
You die...

. .# .# .. .# #.
####.### #..###......#
#...#......#
###.)......#
#........# ##
#.....#.@†...# ###..
#....####..### ##....
....#..####.#####.....
..####.............# .
#####........##
#...#.$..)..#######
...[....$>...........
######......%.!......
###......(......


There were no monsters in sight!

Vanquished Creatures
  An adder (D:2)
  An ooze (D:1)
  5 bats
  A giant cockroach (D:1)
  2 goblins (D:1)
  5 hobgoblins
  2 jackals (D:1)
  2 kobolds (D:1)
  A quokka (D:2)
  2 frilled lizards (D:1)
  3 rats
25 creatures vanquished.

Notes
Turn   | Place    | Note
-------+----------+-------------------------------------------
     0 | D:1      | Kaname the Demonspawn Venom Mage began the quest for the Orb.
     0 | D:1      | Reached XP level 1. HP: 13/13 MP: 3/3
   168 | D:1      | Reached skill level 1 in Conjurations
   363 | D:1      | Gained mutation: You have sharp fingernails. [demonic ancestry]
   363 | D:1      | Reached XP level 2. HP: 18/19 MP: 3/5
  1714 | D:2      | Gained mutation: You are partially covered in sharp spines. [demonic ancestry]
  1714 | D:2      | Reached XP level 3. HP: 24/24 MP: 6/6
  1797 | D:2      | HP: 1/24 [poisoned by an adder]
  1799 | D:2      | Succumbed to an adder's poison

Vault maps used:
D:1:      evilmike_arrival_rings
D:2:      first_bread

Skill      XL: |  1  2  3 |
---------------+----------+-----
Conjurations   | 1 2 3 |  3.0
Dodging        | |  1.7
Stealth        | |  1.7
Spellcasting   | |  2.0
Poison Magic   | |  4.0

Action                   || total
-------------------------++-------
Melee: Dagger            ||    59
       Unarmed           ||     6
 Cast: Sting             ||    22
 Stab: Sleeping          ||     3
  Eat: Chunk             ||     2
Armor: Robe              ||    15
Dodge: Dodged            ||    67
